 Dungeon Sprint DCSS version 0.22.1-1-ga44c0e56f4 (webtiles) character file.

41 MuseOD the Sneak (level 3, 0/19 HPs)
             Began as a Spriggan Enchanter on Sept 28, 2018.
             Slain by a human (5 damage)
             ... in the Dungeon (Sprint III: "The Ten Rune Challenge").
             The game lasted 00:02:06 (660 turns).

MuseOD the Sneak (Spriggan Enchanter)                Turns: 660, Time: 00:02:06

Health: 0/19       AC:  2    Str:  4    XL:     3   Next: 32%
Magic:  1/8        EV: 18    Int: 17    God:
Gold:   20         SH:  0    Dex: 16    Spells: 4/7 levels left

rFire    . . .     SeeInvis +   c - +0 dagger (drain)
rCold    . . .     Gourm    .   (shield restricted)
rNeg     . . .     Faith    .   b - +0 robe
rPois    .         Spirit   .   (helmet restricted)
rElec    .         Reflect  .   (no cloak)
rCorr    .         Harm     .   (gloves unavailable)
MR       .....     NoTele   +   (boots unavailable)
Stlth    ++++......             (no amulet)
HPRegen  0.06/turn              (no ring)
MPRegen  0.11/turn              (no ring)

@: very quick
A: very small, unfitting armour, see invisible, herbivore, speed 3, slow
metabolism 2
a: no special abilities


You were in the Dungeon.
You were not hungry.

You visited 1 branch You collected 20 gold pieces.

Inventory:

Hand Weapons
 a - a +1 dagger
 c - a +0 dagger of draining (weapon)
Armour
 b - a +0 robe (worn)
Scrolls
 j - a scroll of blinking
 l - a scroll of torment {unknown}
 m - 3 scrolls of identify
 n - a scroll of amnesia {unknown}
 p - a scroll of immolation {unknown}
 q - a scroll of remove curse {unknown}
Potions
 e - a potion of curing
 f - 2 potions of heal wounds
 g - a potion of haste
 h - 2 potions of magic
 i - a potion of berserk rage
 k - 2 potions of mutation {unknown}
 o - a potion of flight {unknown}
 r - a potion of resistance {unknown}
 s - 2 potions of invisibility {unknown}
Comestibles
 d - 3 rations


   Skills:
 + Level 2.4 Fighting
 * Level 5.1 Short Blades
 - Level 3.0 Dodging
 + Level 6.8 Stealth
 - Level 2.6 Spellcasting
 - Level 3.6 Hexes


You had 4 spell levels left.
You knew the following spells:

 Your Spells              Type           Power        Failure   Level  Hunger
a - Corona                Hex            ##.....      4%          1    #......
b - Ensorcelled Hibernat  Hex/Ice        #.....       13%         2    ##.....

Your spell library contained the following spells:

 Spells                   Type           Power        Failure   Level  Hunger
 Confuse                  Hex            ##......     12%         3    ###....
 Tukima's Dance           Hex            ##......     12%         3    ###....
 Dazzling Spray           Conj/Hex       #.....       26%         3    ###....


Dungeon Overview and Level Annotations

Branches:
Dungeon (1/1)

Altars:


Innate Abilities, Weirdness & Mutations

You are very small and have problems with some larger weapons.
You are too small for most types of armour.
You have supernaturally acute eyesight. (SInv)
You are a herbivore.
You cover ground extremely quickly.
You need to consume almost no food.


Message History

The human misses you.
You hit the human but do no damage.
The human is almost dead.
The human barely misses you.
You closely miss the human.
The human is almost dead.
You hit the human.
The human is almost dead.
The human barely misses you.
You hit the human but do no damage.
The human is almost dead.
The human hits you.
* * * LOW HITPOINT WARNING * * *
Casting: Ensorcelled Hibernation (safe; 13% risk of failure)
Confirm with . or Enter, or press ? or * to list all spells.
Aiming: Ensorcelled Hibernation (safe; 13% risk of failure)
Press: ? - help, Shift-Dir - straight line, f/p - human
Aim: a human (almost dead, heavily drained, chance to defeat MR: 49%)
The human resists with some effort.
The human hits you.
You die...

▓▓▓▓▓▓▓▓▓▓▓▓▓
▓<.#..'...♣.♣♣
▓..#..#......♣
▓#'####.@..♣♣♣
▓.÷.÷.#.p..≈♣ ♣.
▓.....#...≈≈♣♣♣.♣
▓...†"#..≈≈≈≈♣..♣ +
▓####'#..≈≈≈≈≈≈♣♣.#
▓...).#.≈≈≈≈≈≈....#
▓.....#.≈≈≈≈≈.....#
▓.....#.≈≈≈.......#
▓'#####...........#


You could see a human.

Vanquished Creatures
  Jessica (D)
  A wolf (D)
  2 rats (D)
4 creatures vanquished.

Vanquished Creatures (others)
  2 draconian scorchers (D)
  6 hellions (D)
  A yaktaur (D)
9 creatures vanquished.

Grand Total: 13 creatures vanquished

Notes
Turn   | Place    | Note
-------+----------+-------------------------------------------
     0 | D        | MuseOD the Spriggan Enchanter began the quest for the Orb.
     0 | D        | Reached XP level 1. HP: 9/9 MP: 5/5
    83 | D        | Killed a hellion
    85 | D        | Killed a hellion
    90 | D        | Killed a hellion
    98 | D        | Killed a hellion
   101 | D        | Killed a hellion
   113 | D        | Killed a hellion
   123 | D        | Noticed Jessica
   145 | D        | Killed Jessica
   145 | D        | Reached skill level 6 in Stealth
   145 | D        | Reached XP level 2. HP: 13/15 MP: 3/6
   220 | D        | Killed a white draconian scorcher
   221 | D        | Killed a yaktaur
   231 | D        | Reached skill level 5 in Short Blades
   231 | D        | Reached XP level 3. HP: 7/19 MP: 8/8
   268 | D        | Killed a white draconian scorcher
   616 | D        | Learned a level 2 spell: Ensorcelled Hibernation
   660 | D        | Slain by a human

Skill      XL: |  1  2 |
---------------+-------+-----
Fighting       | 2 |  2.4
Short Blades   | 4 5 |  5.1
Stealth        | 6 |  6.8
Dodging        | |  3.0
Spellcasting   | |  2.6
Hexes          | |  3.6

Action                   || total
-------------------------++-------
Melee: Dagger            ||    80
 Cast: Corona            ||     4
       Ensorcelled Hiber ||     4
Armor: Robe              ||     3
Dodge: Dodged            ||    52
